 Dungeon Crawl Stone Soup version 0.29.1-12-g30fa7ad0bf (webtiles) character file.

Game seed: 11524977572297298194

6549 ChadusMaximus the Protected (level 10, -1/93 HPs)
             Began as a Minotaur Fighter on Dec 12, 2022.
             Was a Priest of Okawaru.
             Hit by a javelin thrown by a centaur (6 damage)
             ... in a bailey.
             The game lasted 00:10:23 (12698 turns).

ChadusMaximus the Protected (Minotaur Fighter)     Turns: 12698, Time: 00:10:24

Health: -1/93      AC: 11    Str: 24    XL:     10   Next: 70%
Magic:  13/13      EV:  8    Int:  5    God:    Okawaru [***...]
Gold:   514        SH: 11    Dex: 11    Spells: 9/9 levels left

rFire   . . .      SeeInvis .   E - +4 war axe
rCold   . . .      Faith    .   c - +0 buckler
rNeg    + . .      Spirit   .   M - +0 chain mail
rPois   .          Reflect  +   (helmet restricted)
rElec   .          Harm     .   H - scarf {repulsion}
rCorr   .          Rampage  .   (no gloves)
Will    .....                   (no boots)
Stlth   ..........              k - amulet of reflection
HPRegen 0.25/turn               g - ring of positive energy
MPRegen 0.13/turn               (no ring)

@: repel missiles
A: horns 2, retaliatory headbutt
a: Renounce Religion, Heroism


You were in a bailey.
You worshipped Okawaru.
Okawaru was most pleased with you.
You visited 2 branches of the dungeon, and saw 10 of its levels.
You also visited: Bailey.

You collected 514 gold pieces.

Inventory:

Hand Weapons
 a - a +0 war axe
 E - a +4 war axe (weapon)
Missiles
 o - 6 javelins (quivered)
Armour
 b - a +0 scale mail
 c - a +0 buckler (worn)
 r - a +0 cloak
 H - a scarf of repulsion (worn)
 M - a +0 chain mail (worn)
Jewellery
 g - a ring of positive energy (left hand)
 k - an amulet of reflection (around neck)
 p - a ring of ice
Wands
 t - a wand of paralysis (10)
 w - a wand of roots (21)
 x - a wand of light (19)
 y - a wand of flame (10)
 G - a wand of mindburst (17)
Scrolls
 f - 2 scrolls of silence
 j - a scroll of butterflies
 m - a scroll of fear
 s - 2 scrolls of brand weapon
 u - a scroll of vulnerability
 z - a scroll of immolation
 B - a scroll of enchant armour
 C - a scroll of amnesia
 K - a scroll of teleportation
 L - a scroll of noise {unknown}
Potions
 d - 3 potions of might
 e - a potion of curing
 h - 5 potions of heal wounds
 i - 3 potions of haste
 l - 5 potions of flight {unknown}
 n - 4 potions of degeneration {unknown}
 q - a potion of mutation {unknown}
 v - 3 potions of ambrosia {unknown}
 A - a potion of attraction {unknown}
 D - a potion of invisibility {unknown}
 F - a potion of magic {unknown}
 I - a potion of brilliance {unknown}
 J - 2 potions of cancellation {unknown}


   Skills:
 + Level 10.0 Fighting
 + Level 9.5 Axes
 + Level 10.0 Armour
 + Level 9.9 Shields
 - Level 5.4 Invocations


You had 9 spell levels left.
You didn't know any spells.
Your spell library contained the following spells:

 Spells                   Type           Power      Damage    Failure   Level
 Apportation              Tloc           0%         N/A       98%         1
 Necrotise                Necr           0%         1d4       98%         1
 Scorch                   Fire           0%         2d5       99%         2
 Sublimation of Blood     Necr           0%         N/A       99%         2
 Ozocubu's Armour         Ice            0%         N/A       100%        3
 Vampiric Draining        Necr           0%         2d6       100%        3
 Dispel Undead            Necr           0%         3d6       100%        4
 Flame Wave               Conj/Fire      0%         2d4       100%        4
 Agony                    Necr           0%         N/A       100%        5
 Metabolic Englaciation   Hex/Ice        0%         N/A       100%        5
 Summon Small Mammal      Summ           Unusable   N/A       N/A         1
 Simulacrum               Ice/Necr       Unusable   N/A       N/A         6
 Summon Cactus Giant      Summ           Unusable   N/A       N/A         6

Dungeon Overview and Level Annotations

Branches:
Dungeon (9/15)             Temple (1/1) D:7          Bailey (1/1)
   Lair: D:8-11         Orc: D:9-12

Altars:
Dithmenos
Elyvilon
Hepliaklqana
Kikubaaqudgha
Makhleb
Nemelex Xobeh
Okawaru
Qazlal
Ru
Sif Muna
Trog
Uskayaw
Vehumet
Wu Jian
Xom
Yredelemnul
Zin

Shops:
D:4 ([(!


Innate Abilities, Weirdness & Mutations

You have a pair of horns on your head.
You reflexively headbutt those who attack you in melee.


Message History

You barely miss the orc warrior. You headbutt the orc warrior!
The orc warrior is heavily wounded.
You block the orc's attack.
You hit the orc warrior.
You headbutt the orc warrior, but do no damage.
The orc warrior is severely wounded.
The orc closely misses you.
You hit the orc warrior.
The orc warrior is severely wounded.
The orc warrior hits you with a +0 spear!
* * * LOW HITPOINT WARNING * * *
You block the orc's attack.
You barely miss the orc warrior.
The orc warrior is severely wounded.
The orc warrior hits you with a +0 spear.
* * * LOW HITPOINT WARNING * * *
The orc misses you.
You slash the orc warrior!
You kill the orc warrior!
Okawaru accepts your kill.
Your base Fighting skill increases to level 10!
Your base Armour skill increases to level 10!
You block the orc's attack.
You slice the orc!!
You kill the orc!
Okawaru accepts your kill.
A centaur comes into view. It is wielding a +0 spear.
Things that are here:
a +0 halberd; a +0 scale mail; an orc corpse The centaur throws a javelin.
The javelin closely misses you.
The centaur throws a javelin.
The javelin barely misses you.
The centaur throws a javelin.
The javelin barely misses you.
You feel like a meek peon again.
The centaur shouts!
The centaur throws a javelin.
The javelin pierces through you!
* * * LOW HITPOINT WARNING * * *
The centaur throws a javelin.
The javelin pierces through you.
* * * LOW HITPOINT WARNING * * *
The centaur throws a javelin.
The javelin pierces through you.
You die...

≈## ..## ≈≈≈≈≈≈≈≈≈≈≈≈≈≈≈≈≈≈≈##
...## ≈≈≈≈≈.......≈≈≈≈≈≈≈≈##
....# ≈≈≈.c≈≈≈≈≈≈≈c.≈≈≈≈≈≈≈#
)...# ≈..≈≈≈.....≈≈≈..≈≈≈≈≈#
#...# .≈≈≈.........≈≈≈.≈≈≈≈#
#...# ≈≈≈.≈.............≈.≈≈≈≈#
#...# ≈≈.≈≈.⌠.........⌠.≈≈.≈≈≈#
#⌠..# ≈.≈......@........≈o≈≈≈#
##..# ≈≈....≈≈≈≈≈≈≈..).≈≈.≈≈#
.#..#####...≈≈≈~~~~~≈≈≈...≈.≈≈#
.#..'......≈≈≈~≈≈≈≈≈~~≈≈).≈)≈≈#
.#..'.))...≈≈≈~~?:)≈≈≈~~..).≈≈#
.#.)'.)....≈≈≈~≈≈≈≈≈~~≈≈.)≈.≈≈#
.#.)#####...≈≈≈~~~~~≈≈≈...≈)≈≈#
##..#≈≈c≈≈....≈≈≈≈≈≈≈....≈≈)≈≈#
#)).#≈≈≈c≈........)......≈.≈≈≈#


You could see 2 centaurs.

Vanquished Creatures
  A two-headed ogre (D:6)
  2 hornets
  Prince Ribbit (D:7)
  A steam dragon (D:8)
  Menkaure (D:7)
  A water moccasin (D:6)
  2 black bears
  10 orc warriors (Bailey)
  An ice beast (D:6)
  3 ogres
  9 centaurs
  2 phantoms
  3 kobold brigands (D:8)
  3 bullfrogs
  2 gnoll sergeants
  2 scorpions
  18 wights
  A howler monkey (D:8)
  8 jellies
  4 hounds
  6 orc priests
  A gnoll bouda (D:7)
  Crazy Yiuf (D:3)
  2 iguanas
  An orc wizard (D:5)
  A statue (D:4)
  Robin (D:4)
  20 gnolls
  8 adders
  A shadow imp (D:5)
  2 white imps
  2 ufetubi
  3 worms
  5 dart slugs
  32 orcs
  8 ball pythons
  6 endoplasms
  17 goblins
  10 hobgoblins
  22 kobolds
  2 quokkas
  6 bats
  2 frilled lizards
  8 rats
242 creatures vanquished.

Vanquished Creatures (others)
  An orc (Bailey)
  2 plants (D:1)
3 creatures vanquished.

Grand Total: 245 creatures vanquished

Notes
Turn   | Place    | Note
-------+----------+-------------------------------------------
     0 | D:1      | ChadusMaximus the Minotaur Fighter began the quest for the
                  | Orb.
     0 | D:1      | Reached XP level 1. HP: 19/19 MP: 0/0
   241 | D:1      | Reached XP level 2. HP: 27/27 MP: 1/1
   244 | D:1      | Found a faded altar of an unknown god.
   845 | D:2      | Reached XP level 3. HP: 16/33 MP: 2/2
  1021 | D:2      | Found a radiant altar of Vehumet.
  1261 | D:2      | Reached XP level 4. HP: 41/41 MP: 3/3
  2598 | D:3      | Reached XP level 5. HP: 42/47 MP: 4/4
  2813 | D:3      | Found a runed translucent door.
  2814 | D:3      | Noticed Crazy Yiuf
  2999 | D:3      | Reached skill level 5 in Fighting
  3222 | D:3      | Reached skill level 5 in Armour
  3464 | D:3      | Killed Crazy Yiuf
  3465 | D:3      | Reached skill level 5 in Shields
  3560 | D:4      | Reached XP level 6. HP: 40/56 MP: 5/5
  3766 | D:4      | Found Ugauss's Armour Emporium.
  3773 | D:4      | Found Gihoov's Antique Weapon Shoppe.
  4129 | D:4      | Reached skill level 5 in Axes
  4129 | D:4      | Reached XP level 7. HP: 62/62 MP: 6/6
  4149 | D:4      | Noticed Robin
  4161 | D:4      | Killed Robin
  4223 | D:4      | Identified the +2 ring mail of Ixankaf {Int+4}
  4239 | D:4      | Found Kaeh's Distillery.
  4317 | D:4      | Found Vaqomup's Antique Weapon Shoppe.
  4398 | D:4      | Found a radiant altar of Vehumet.
  4477 | D:5      | Entered Level 5 of the Dungeon
  4555 | D:5      | Found a white marble altar of Elyvilon.
  4672 | D:5      | Found a stormy altar of Qazlal.
  4682 | D:5      | Found an ornate altar of the Wu Jian Council.
  4690 | D:5      | Found a sacrificial altar of Ru.
  5563 | D:7      | Reached XP level 8. HP: 31/71 MP: 7/7
  6031 | D:7      | Found a staircase to the Ecumenical Temple.
  6047 | Temple   | Entered the Ecumenical Temple
  6350 | Temple   | Became a worshipper of Warmaster Okawaru
  6851 | D:7      | Noticed Prince Ribbit
  6869 | D:7      | Killed Prince Ribbit
  6869 | D:7      | Reached * piety under Okawaru
  7102 | D:7      | Reached skill level 1 in Invocations
  7527 | D:7      | Noticed a hornet
  7542 | D:7      | Killed a hornet
  7549 | D:7      | Reached XP level 9. HP: 55/80 MP: 7/9
  7663 | D:7      | Noticed Menkaure
  7679 | D:7      | Killed Menkaure
  9530 | D:6      | Noticed a two-headed ogre
  9541 | D:6      | Killed a two-headed ogre
  9541 | D:6      | Reached ** piety under Okawaru
  9542 | D:6      | Reached skill level 5 in Invocations
 10195 | D:6      | Got Hysohaet's Almanac of Unhallowed Magic and Charms
 10335 | D:8      | Paralysed by a hornet for 2 turns
 10642 | D:8      | Reached XP level 10. HP: 81/90 MP: 13/13
 11163 | D:8      | Reached *** piety under Okawaru
 11682 | D:9      | Found a flagged portal.
 11722 | Bailey   | Entered a bailey
 12689 | Bailey   | Reached skill level 10 in Fighting
 12689 | Bailey   | Reached skill level 10 in Armour
 12698 | Bailey   | Hit by a javelin thrown by a centaur

Illustrated notes

Levels and vault maps discovered:
D:1:      dpeg_arrival_pits, layout_loops_corners,
          shapermc_ecumenical_altar_acropolis
D:2:      layout_basic, minmay_hexomino_r4
D:3:      layout_basic, uniq_crazy_yiuf_cottage
D:4:      layout_cave_pools, vehumet_statue, serial_shops, shop, shop,
          nicolae_shop_hallway_stairs, nicolae_shop_window_shopping,
          nicolae_elevator_lobby_asterisk, uniq_robin
D:5:      layout_gridville, nicolae_overflow_quartered_altars
D:6:      layout_basic, nicolae_hexahallways
D:7:      layout_rooms, minmay_temple_entry_grid, kennysheep_path_1,
          uniq_menkaure, uniq_prince_ribbit1
D:8:      layout_basic, kennysheep_another_room
D:9:      layout_loops_cross, nicolae_overflow_hidden_temple, enter_bailey_3,
          serial_shops, shop, minmay_statues_item
Temple:   nicolae_temple_slightly_damp_pantheon
Bailey:   bailey_polearm_flooded_kennysheep, bailey

Skill      XL: |  1  2  3  4  5  6  7  8  9 10 |
---------------+-------------------------------+-----
Fighting       | 4 5 6 7 8 10 | 10.0
Armour         | 4 5 6 7 8 10 | 10.0
Shields        | 4 5 6 7 8 9 |  9.9
Axes           | 3 4 5 6 7 8 9 |  9.5
Invocations    | 2 5 |  5.4

Action                   |  1- 3 |  4- 6 |  7- 9 | 10-12 || total
-------------------------+-------+-------+-------+-------++-------
Melee: War axe           |    63 |   125 |   273 |   193 ||   654
       Headbutt          |     4 |    16 |    53 |    31 ||   104
Invok: Heroism           |       |       |     8 |    12 ||    20
  Use: Scroll            |       |       |    11 |     2 ||    13
Armor: Scale mail        |    26 |    42 |    92 |    31 ||   191
       Chain mail        |       |       |       |    26 ||    26
Dodge: Dodged            |    30 |    62 |   126 |   121 ||   339
       Repelled          |       |       |       |     1 ||     1
Block: Buckler           |    20 |    63 |   198 |   164 ||   445
       Reflection        |       |     1 |     3 |     4 ||     8
